 Dungeon Crawl Stone Soup version 0.28.0-43-g3370ac3207 (webtiles) character file.

Game seed: 9663623986855795116

662 croobank the Firebug (level 7, -1/51 HPs)
             Began as a Gnoll Fire Elementalist on Mar 7, 2022.
             Slain by a bullfrog zombie (5 damage)
             ... on level 5 of the Dungeon.
             The game lasted 00:10:09 (4177 turns).

croobank the Firebug (Gnoll Fire Elementalist)      Turns: 4177, Time: 00:10:10

Health: -1/51      AC:  4    Str:  7    XL:     7   Next: 56%
Magic:  5/15       EV: 14    Int: 16    God:
Gold:   212        SH:  0    Dex: 13    Spells: 10/17 levels left

rFire   . . .      SeeInvis .   t - +3 scythe (venom)
rCold   . . .      Faith    .   (shield currently unavailable)
rNeg    . . .      Spirit   .   a - +0 robe
rPois   .          Reflect  .   (no helmet)
rElec   .          Harm     .   p - +0 cloak
rCorr   .          Rampage  .   (no gloves)
Will    .....                   n - +0 pair of boots
Stlth   +++.......              (no amulet)
HPRegen 0.17/turn               (no ring)
MPRegen 0.14/turn               (no ring)

@: no status effects
A: fangs 1, strong nose, distributed training
a: no special abilities


You were on level 5 of the Dungeon.
You visited 1 branch of the dungeon, and saw 5 of its levels.

You collected 212 gold pieces.

Inventory:

Hand Weapons
 i - a +0 whip
 t - a +3 scythe of venom (weapon)
 w - a +0 dagger of speed
Missiles
 b - 104 stones
 c - 5 atropa-tipped darts
 k - 66 arrows
 l - 25 sling bullets
 m - 30 bolts
 x - 19 poisoned darts
Armour
 a - a +0 robe (worn)
 n - a +0 pair of boots (worn)
 p - a +0 cloak (worn)
Magical Staves
 r - a staff of conjuration
Jewellery
 y - a ring of wizardry
Scrolls
 f - 2 scrolls of identify
 j - 4 scrolls of teleportation
 o - 2 scrolls of enchant armour
 q - a scroll of vulnerability {unknown}
 u - 2 scrolls of noise {unknown}
 v - a scroll of blinking {unknown}
Potions
 d - 2 potions of lignification {unknown}
 e - 4 potions of degeneration {unknown}
 g - 2 potions of brilliance {unknown}
 h - a potion of curing {unknown}
 s - a potion of attraction {unknown}


   Skills:
 + Level 2.5 Fighting
 + Level 2.5 Short Blades
 + Level 2.5 Long Blades
 + Level 2.5 Axes
 + Level 2.5 Maces & Flails
 + Level 2.5 Polearms
 + Level 2.5 Staves
 + Level 2.5 Slings
 + Level 2.5 Bows
 + Level 2.5 Crossbows
 + Level 2.5 Throwing
 + Level 2.5 Armour
 + Level 5.3 Dodging
 + Level 4.9 Stealth
 + Level 2.5 Shields
 + Level 2.5 Unarmed Combat
 + Level 5.6 Spellcasting
 + Level 3.0 Conjurations
 + Level 2.1 Hexes
 + Level 2.1 Summonings
 + Level 2.1 Necromancy
 + Level 2.1 Translocations
 + Level 2.1 Transmutations
 + Level 5.8 Fire Magic
 + Level 2.1 Ice Magic
 + Level 2.1 Air Magic
 + Level 2.1 Earth Magic
 + Level 2.1 Poison Magic
 + Level 2.8 Invocations
 + Level 2.5 Evocations


You had 10 spell levels left.
You knew the following spells:

 Your Spells              Type           Power      Damage    Failure   Level
a - Foxfire               Conj/Fire      72%        2x1d7     2%          1
b - Scorch                Fire           46%        2d7       1%          2
c - Flame Wave            Conj/Fire      18%        2d6       22%         4

Your spell library contained the following spells:

 Spells                   Type           Power      Damage    Failure   Level
 Conjure Flame            Conj/Fire      18%        6-21      7%          3
 Blink                    Tloc           22%        N/A       9%          2
 Inner Flame              Hex/Fire       17%        N/A       9%          3
 Lesser Beckoning         Tloc           11%        N/A       19%         3
 Hailstorm                Conj/Ice       12%        3d5       43%         4
 Ice Form                 Ice/Tmut       11%        N/A       52%         4
 Manifold Assault         Tloc           11%        N/A       86%         5
 Simulacrum               Ice/Necr       5%         N/A       100%        6


Dungeon Overview and Level Annotations

Branches:
Dungeon (5/15)
 Temple: D:4-7

Altars:
Makhleb
Qazlal
Xom


Innate Abilities, Weirdness & Mutations

You have very sharp teeth.
Your uncanny sense of smell can sniff out nearby items.
Your experience applies equally to all skills.


Message History

The flame wave engulfs the bullfrog skeleton.
The bullfrog skeleton is lightly damaged. (Press . to intensify the flame waves.)
The ogre shouts!
You hear a shout!
You hear a bark!
The bullfrog zombie hits you.
* * * LOW HITPOINT WARNING * * *
The gnoll shaman barely misses you.
The bullfrog skeleton closely misses you.
The gnoll closely misses you.
A wave of flame ripples out!
The flame wave engulfs the bullfrog zombie.
The bullfrog zombie is heavily damaged.
The flame wave engulfs the gnoll shaman.
The gnoll shaman is moderately wounded.
The flame wave engulfs the bullfrog skeleton.
The bullfrog skeleton is moderately damaged.
The flame wave engulfs the gnoll!
The gnoll is severely wounded.
The bullfrog zombie closely misses you.
The bullfrog skeleton closely misses you.
The gnoll shaman calls upon its god to heal the gnoll.
The gnoll is healed somewhat.
The gnoll closely misses you. The bullfrog zombie barely misses you.
A wave of flame ripples out!
The flame wave engulfs the bullfrog zombie!
The bullfrog zombie is severely damaged.
The flame wave engulfs the gnoll shaman.
The gnoll shaman is severely wounded.
The flame wave engulfs the bullfrog skeleton!
The bullfrog skeleton is severely damaged.
The flame wave engulfs the gnoll!
You kill the gnoll!
You finish channelling waves of flame.
You hear a bark!
The bullfrog skeleton hits you.
* * * LOW HITPOINT WARNING * * *
The gnoll shaman hits you with a +0 whip!
* * * LOW HITPOINT WARNING * * *
The bullfrog zombie hits you.
You die...

..#.........
..........$
#.$.......# ....
#)....O...##
.....##.)..†.....#
.........)...)..#
........Z)Z.....#
.......##@g....#
........##.#...#
............<.##
.............##
.............#
...#.#.#.#...#
....>......#
###.#.#.#.###
#........#


You could see an ogre, a gnoll shaman, a bullfrog zombie and a bullfrog
skeleton.

Vanquished Creatures
  Sigmund (D:2)
  A phantom (D:4)
  2 kobold brigands (D:3)
  A scorpion (D:4)
  A hound (D:5)
  An iguana (D:4)
  5 adders
  5 gnolls
  An adder zombie (D:5)
  An adder skeleton (D:4)
  2 dart slugs
  5 orcs (D:3)
  4 bats
  5 endoplasms
  A giant cockroach (D:1)
  9 goblins
  8 hobgoblins
  9 jackals (D:2)
  A quokka (D:2)
  5 ball pythons
  3 frilled lizards (D:1)
  13 kobolds
  5 rats
89 creatures vanquished.

Vanquished Creatures (collateral kills)
  A foxfire (D:2)
1 creature vanquished.

Vanquished Creatures (others)
  125 foxfires
125 creatures vanquished.

Grand Total: 215 creatures vanquished

Notes
Turn   | Place    | Note
-------+----------+-------------------------------------------
     0 | D:1      | croobank the Gnoll Fire Elementalist began the quest for
                  | the Orb.
     0 | D:1      | Reached XP level 1. HP: 13/13 MP: 6/6
   213 | D:1      | Reached XP level 2. HP: 19/19 MP: 4/7
   251 | D:1      | Learned a level 2 spell: Scorch
   345 | D:1      | Found a faded altar of an unknown god.
   704 | D:1      | Reached XP level 3. HP: 25/25 MP: 6/9
   715 | D:1      | Reached skill level 5 in Spellcasting
   918 | D:1      | You fall into a shaft and drop 1 floor!
  1072 | D:2      | Found a shimmering altar of Xom.
  1180 | D:2      | Reached skill level 1 in Invocations
  1386 | D:2      | Reached skill level 1 in Fighting
  1386 | D:2      | Reached skill level 1 in Short Blades
  1386 | D:2      | Reached skill level 1 in Long Blades
  1386 | D:2      | Reached skill level 1 in Axes
  1386 | D:2      | Reached skill level 1 in Maces & Flails
  1386 | D:2      | Reached skill level 1 in Polearms
  1386 | D:2      | Reached skill level 1 in Staves
  1386 | D:2      | Reached skill level 1 in Slings
  1386 | D:2      | Reached skill level 1 in Bows
  1386 | D:2      | Reached skill level 1 in Crossbows
  1386 | D:2      | Reached skill level 1 in Throwing
  1386 | D:2      | Reached skill level 1 in Armour
  1386 | D:2      | Reached skill level 1 in Shields
  1386 | D:2      | Reached skill level 1 in Unarmed Combat
  1386 | D:2      | Reached skill level 1 in Evocations
  1557 | D:2      | Reached XP level 4. HP: 32/32 MP: 8/11
  1562 | D:2      | Learned a level 4 spell: Flame Wave
  1630 | D:2      | Noticed Sigmund
  1633 | D:2      | Killed Sigmund
  1634 | D:2      | Reached skill level 1 in Hexes
  1634 | D:2      | Reached skill level 1 in Summonings
  1634 | D:2      | Reached skill level 1 in Necromancy
  1634 | D:2      | Reached skill level 1 in Translocations
  1634 | D:2      | Reached skill level 1 in Transmutations
  1634 | D:2      | Reached skill level 1 in Ice Magic
  1634 | D:2      | Reached skill level 1 in Air Magic
  1634 | D:2      | Reached skill level 1 in Earth Magic
  1634 | D:2      | Reached skill level 1 in Poison Magic
  1634 | D:2      | Reached XP level 5. HP: 38/38 MP: 5/12
  1984 | D:2      | Reached XP level 6. HP: 39/44 MP: 10/13
  2441 | D:3      | Found a stormy altar of Qazlal.
  2963 | D:3      | Reached skill level 5 in Dodging
  3355 | D:4      | Reached XP level 7. HP: 50/50 MP: 12/15
  3608 | D:4      | Found a burning altar of Makhleb.
  4134 | D:5      | Entered Level 5 of the Dungeon
  4177 | D:5      | Slain by a bullfrog zombie

Illustrated notes

Levels and vault maps discovered:
D:1:      matt_arrival_los_fun, layout_basic, basic_ecumenical_altar
D:2:      layout_basic, basic_altar, cheibrodos_gnoll_hut, uniq_sigmund
D:3:      cheibrodos_thug_alley, layout_rooms, grunt_qazlal_clouds
D:4:      cheibrodos_helix_gallery, layout_gridville, mainiacjoe_overflow_paths
D:5:      layout_cave_pools, old_standard_altar, trog_wizard, st_stairs_8

Skill      XL: |  1  2  3  4  5  6  7 |
---------------+----------------------+-----
Conjurations   | 2 3 |  3.0
Spellcasting   | 5 |  5.6
Invocations    | 1 2 |  2.8
Fighting       | 1 2 |  2.5
Short Blades   | 1 2 |  2.5
Long Blades    | 1 2 |  2.5
Axes           | 1 2 |  2.5
Maces & Flails | 1 2 |  2.5
Polearms       | 1 2 |  2.5
Staves         | 1 2 |  2.5
Slings         | 1 2 |  2.5
Bows           | 1 2 |  2.5
Crossbows      | 1 2 |  2.5
Throwing       | 1 2 |  2.5
Armour         | 1 2 |  2.5
Shields        | 1 2 |  2.5
Unarmed Combat | 1 2 |  2.5
Evocations     | 1 2 |  2.5
Hexes          | 1 2 |  2.1
Summonings     | 1 2 |  2.1
Necromancy     | 1 2 |  2.1
Translocations | 1 2 |  2.1
Transmutations | 1 2 |  2.1
Ice Magic      | 1 2 |  2.1
Air Magic      | 1 2 |  2.1
Earth Magic    | 1 2 |  2.1
Poison Magic   | 1 2 |  2.1
Dodging        | 5 |  5.3
Stealth        | |  4.9
Fire Magic     | |  5.8

Action                   |  1- 3 |  4- 6 |  7- 9 || total
-------------------------+-------+-------+-------++-------
Melee: Bite              |     2 |     4 |       ||     6
       Unarmed           |     1 |       |       ||     1
       Whip              |    23 |       |       ||    23
       Scythe            |       |    37 |    13 ||    50
 Cast: Foxfire           |    36 |    27 |    13 ||    76
       Scorch            |    13 |    13 |     4 ||    30
       Flame Wave        |       |     1 |     1 ||     2
  Use: Scroll            |       |       |     5 ||     5
 Stab: Sleeping          |       |     2 |       ||     2
Armor: Robe              |     9 |    15 |     4 ||    28
Dodge: Dodged            |    30 |    40 |    23 ||    93
